[ AOE2 MATCH · #504875210 ]
UnrankedVietnamese vs Khitans
Player's team · WIN
Rival team · LOSS
[ REPLAY ANALYSIS · EXTRACTED FROM THE RECORDED GAME ]
Feudal
13:52
Castle
17:27
Imperial
—
| APM avg | 37.8 |
| APM peak | 55 |
| eAPM avg | 16.7 |
| Villagers / military | 66 / 32 |
Focus
⚔️ 27.2% · 🌾 72.8%
Mangonel ×12 · Monk ×9 · Spearman ×7 · Militia ×4
Feudal
9:21
Castle
20:19
Imperial
—
| APM avg | 63.0 |
| APM peak | 110 |
| eAPM avg | 32.8 |
| Villagers / military | 60 / 16 |
Focus
⚔️ 17.2% · 🌾 82.8%
Scout Cavalry ×7 · Skirmisher ×5 · Cavalry Archer ×3 · Iron Pagoda ×1
Match map
Initial resources + every placement click. Lines = walls · curves = elevation contours. ◆ gold · ⬟ stone · ● berries · ✦ relic · ◌ wall gap
Your base· ✓ Closed at 17:27 · 46t walls · no gate
Storrmi's base· ✓ Closed at 20:19 · 41t walls · 1 gate(s)
Smoothed initial terrain · ◌ = detected wall gap · hover for details
Inputs per minute
— lapoejs - - Storrmi
Build order — lapoejs
First 150 of 165 actions detected
| 0:01 | Queue | Villager (Male) ×4 |
| 0:01 | Queue | Villager (Male) ×4 |
| 0:02 | Build | House |
| 0:04 | Build | House |
| 0:06 | Build | House |
| 1:33 | Queue | Villager (Male) |
| 1:33 | Queue | Villager (Male) |
| 1:55 | Build | Lumber Camp |
| 2:02 | Queue | Villager (Male) |
| 2:03 | Queue | Villager (Male) |
| 2:24 | Queue | Villager (Male) |
| 2:24 | Queue | Villager (Male) |
| 2:56 | Queue | Villager (Male) |
| 2:57 | Queue | Villager (Male) |
| 2:57 | Queue | Villager (Male) |
| 3:45 | Queue | Villager (Male) |
| 3:45 | Queue | Villager (Male) |
| 3:50 | Build | House |
| 4:02 | Queue | Villager (Male) |
| 4:02 | Queue | Villager (Male) |
| 4:28 | Queue | Villager (Male) |
| 4:29 | Build | Barracks |
| 4:51 | Queue | Villager (Male) |
| 5:00 | Build | House |
| 5:16 | Queue | Villager (Male) |
| 5:24 | Queue | Militia |
| 5:24 | Queue | Militia |
| 5:25 | Queue | Militia |
| 5:30 | Build | House |
| 5:38 | Build | Palisade Wall |
| 5:39 | Build | Palisade Wall |
| 5:45 | Queue | Villager (Male) |
| 5:58 | Queue | Villager (Male) |
| 6:03 | Build | Palisade Wall |
| 6:08 | Build | Palisade Wall |
| 6:11 | Queue | Militia |
| 6:26 | Build | House |
| 6:27 | Build | Palisade Wall |
| 6:37 | Queue | Villager (Male) |
| 7:06 | Queue | Villager (Male) |
| 7:26 | Queue | Villager (Male) |
| 7:30 | Build | Palisade Wall |
| 7:33 | Queue | Villager (Male) |
| 7:33 | Queue | Villager (Male) |
| 7:33 | Queue | Villager (Male) |
| 7:40 | Build | Mill |
| 8:12 | Build | Palisade Wall |
| 8:15 | Build | Palisade Wall |
| 8:20 | Build | Palisade Wall |
| 8:22 | Queue | Villager (Male) |
| 8:25 | Build | Palisade Wall |
| 8:33 | Queue | Villager (Male) |
| 8:48 | Build | Palisade Wall |
| 9:09 | Build | Mill |
| 9:17 | Build | Palisade Wall |
| 9:45 | Queue | Villager (Male) |
| 9:50 | Build | Mining Camp |
| 10:10 | Queue | Villager (Male) |
| 10:52 | Queue | Villager (Male) |
| 10:54 | Build | Farm |
| 10:56 | Build | Farm |
| 10:57 | Build | Farm |
| 11:13 | Research | Loom |
| 11:14 | Research | Feudal Age |
| 11:31 | Queue | Villager (Male) |
| 11:32 | Queue | Villager (Male) |
| 11:48 | Build | House |
| 12:50 | Build | Palisade Wall |
| 13:31 | Build | House |
| 13:35 | Build | Palisade Wall |
| 13:52 | Age | Feudal Age |
| 13:54 | Build | Market |
| 13:57 | Build | Blacksmith |
| 14:47 | Research | Castle Age |
| 14:48 | Research | Castle Age |
| 15:10 | Build | House |
| 15:16 | Build | Lumber Camp |
| 15:22 | Research | Double-Bit Axe |
| 15:27 | Build | Farm |
| 15:29 | Build | Farm |
| 15:40 | Research | Gold Mining |
| 15:41 | Research | Horse Collar |
| 15:53 | Build | House |
| 15:56 | Queue | Spearman |
| 15:56 | Queue | Spearman |
| 16:28 | Research | Town Watch |
| 16:29 | Queue | Villager (Male) |
| 16:52 | Build | House |
| 17:04 | Build | Farm |
| 17:25 | Queue | Spearman |
| 17:27 | Age | Castle Age |
| 17:29 | Build | Palisade Wall |
| 17:34 | Build | Siege Workshop |
| 17:36 | Build | Monastery |
| 17:46 | Research | Bow Saw |
| 17:55 | Build | Farm |
| 18:05 | Queue | Spearman |
| 18:06 | Queue | Spearman |
| 18:09 | Queue | Villager (Male) |
| 18:17 | Build | Palisade Wall |
| 18:22 | Queue | Mangonel |
| 18:23 | Queue | Mangonel |
| 18:24 | Queue | Monk |
| 18:24 | Queue | Monk |
| 18:24 | Queue | Monk |
| 18:29 | Build | House |
| 18:38 | Queue | Spearman |
| 18:44 | Queue | Villager (Male) |
| 18:52 | Queue | Mangonel |
| 18:52 | Queue | Mangonel |
| 19:08 | Queue | Villager (Male) |
| 19:10 | Queue | Spearman |
| 19:21 | Queue | Monk |
| 19:53 | Queue | Villager (Male) |
| 19:54 | Queue | Monk |
| 19:54 | Queue | Monk |
| 19:57 | Build | House |
| 20:08 | Queue | Mangonel |
| 20:22 | Queue | Monk |
| 20:22 | Queue | Monk |
| 20:33 | Research | Pikeman (upgrade) |
| 20:38 | Build | House |
| 20:55 | Queue | Villager (Male) |
| 20:57 | Build | Palisade Wall |
| 21:06 | Build | House |
| 21:07 | Build | House |
| 21:24 | Queue | Villager (Male) |
| 21:25 | Queue | Villager (Male) |
| 21:25 | Queue | Villager (Male) |
| 21:25 | Queue | Villager (Male) |
| 21:26 | Queue | Mangonel |
| 21:26 | Queue | Mangonel |
| 21:29 | Queue | Monk |
| 21:45 | Queue | Villager (Male) |
| 21:46 | Queue | Villager (Male) |
| 22:01 | Queue | Villager (Male) |
| 22:02 | Queue | Villager (Male) |
| 22:26 | Queue | Mangonel |
| 22:26 | Queue | Mangonel |
| 22:28 | Build | House |
| 22:58 | Queue | Villager (Male) |
| 23:01 | Queue | Villager (Male) |
| 23:01 | Queue | Villager (Male) |
| 23:05 | Build | Mining Camp |
| 23:23 | Queue | Villager (Male) |
| 23:23 | Queue | Villager (Male) |
| 24:09 | Queue | Villager (Male) |
| 24:09 | Queue | Villager (Male) |
| 24:11 | Build | House |
| 24:18 | Build | Town Center |
Build order — Storrmi
138 actions detected in the replay
| 0:01 | Queue | Villager (Male) |
| 0:02 | Queue | Villager (Male) |
| 0:02 | Queue | Villager (Male) |
| 0:02 | Queue | Villager (Male) |
| 0:02 | Queue | Villager (Male) |
| 0:03 | Build | House |
| 0:04 | Build | House |
| 1:32 | Queue | Villager (Male) |
| 1:32 | Queue | Villager (Male) |
| 1:50 | Build | Lumber Camp |
| 1:57 | Queue | Villager (Male) |
| 1:57 | Queue | Villager (Male) |
| 2:20 | Queue | Villager (Male) |
| 2:21 | Queue | Villager (Male) |
| 2:52 | Queue | Villager (Male) |
| 2:53 | Queue | Villager (Male) |
| 2:53 | Queue | Villager (Male) |
| 3:04 | Build | House |
| 3:09 | Queue | Villager (Male) |
| 3:09 | Queue | Villager (Male) |
| 3:37 | Queue | Villager (Male) |
| 3:38 | Queue | Villager (Male) |
| 3:58 | Queue | Villager (Male) |
| 3:58 | Queue | Villager (Male) |
| 4:20 | Queue | Villager (Male) |
| 4:20 | Queue | Villager (Male) |
| 4:32 | Build | Palisade Wall |
| 5:07 | Queue | Villager (Male) |
| 5:27 | Queue | Villager (Male) |
| 6:02 | Build | Mill |
| 6:06 | Queue | Villager (Male) |
| 6:20 | Research | Loom |
| 6:37 | Queue | Villager (Male) |
| 7:11 | Research | Feudal Age |
| 7:11 | Research | Feudal Age |
| 7:21 | Build | Barracks |
| 8:06 | Build | House |
| 8:21 | Queue | Villager (Male) |
| 8:51 | Queue | Villager (Male) |
| 9:21 | Age | Feudal Age |
| 9:44 | Queue | Villager (Male) |
| 9:57 | Build | Archery Range |
| 10:22 | Queue | Villager (Male) |
| 10:31 | Build | House |
| 10:41 | Build | Mill |
| 10:53 | Queue | Villager (Male) |
| 10:57 | Build | Pasture |
| 11:19 | Build | House |
| 11:21 | Queue | Villager (Male) |
| 11:28 | Queue | Villager (Male) |
| 11:31 | Queue | Skirmisher |
| 11:31 | Queue | Skirmisher |
| 11:48 | Queue | Villager (Male) |
| 12:01 | Queue | Skirmisher |
| 12:08 | Queue | Villager (Male) |
| 12:26 | Queue | Villager (Male) |
| 12:35 | Queue | Villager (Male) |
| 12:47 | Queue | Villager (Male) |
| 13:09 | Queue | Villager (Male) |
| 13:17 | Build | Mining Camp |
| 13:21 | Queue | Villager (Male) |
| 13:26 | Build | Palisade Wall |
| 13:30 | Build | Palisade Wall |
| 13:32 | Build | Palisade Wall |
| 13:34 | Queue | Villager (Male) |
| 13:47 | Queue | Skirmisher |
| 13:47 | Queue | Skirmisher |
| 14:13 | Build | House |
| 14:21 | Build | Pasture |
| 14:28 | Build | House |
| 14:29 | Build | House |
| 14:32 | Queue | Villager (Male) |
| 15:04 | Build | Pasture |
| 15:06 | Queue | Villager (Male) |
| 15:32 | Build | Palisade Wall |
| 15:35 | Research | Double-Bit Axe |
| 15:49 | Build | Pasture |
| 16:13 | Build | Palisade Wall |
| 16:18 | Queue | Villager (Male) |
| 17:00 | Build | Blacksmith |
| 17:04 | Queue | Villager (Male) |
| 17:22 | Queue | Villager (Male) |
| 17:29 | Build | Pasture |
| 17:39 | Research | Castle Age |
| 17:40 | Research | Castle Age |
| 17:46 | Build | Archery Range |
| 18:05 | Build | House |
| 18:08 | Build | Palisade Wall |
| 18:18 | Build | House |
| 18:20 | Build | House |
| 18:22 | Queue | Villager (Male) |
| 18:35 | Research | Fletching |
| 18:44 | Build | Palisade Wall |
| 18:47 | Build | Palisade Wall |
| 18:57 | Research | Gold Mining |
| 18:58 | Research | Gold Mining |
| 18:58 | Research | Gold Mining |
| 19:04 | Build | Palisade Wall |
| 19:17 | Build | Palisade Gate |
| 19:42 | Queue | Villager (Male) |
| 19:58 | Build | Palisade Wall |
| 20:05 | Queue | Villager (Male) |
| 20:19 | Age | Castle Age |
| 20:21 | Build | Siege Workshop |
| 20:24 | Queue | Villager (Male) |
| 20:30 | Queue | Cavalry Archer |
| 20:30 | Queue | Cavalry Archer |
| 20:32 | Queue | Cavalry Archer |
| 20:44 | Queue | Iron Pagoda |
| 21:10 | Build | Stable |
| 21:56 | Queue | Scout Cavalry |
| 21:56 | Queue | Scout Cavalry |
| 21:59 | Research | Light Cavalry (upgrade) |
| 21:59 | Research | Husbandry |
| 22:01 | Queue | Scout Cavalry |
| 22:01 | Queue | Scout Cavalry |
| 22:05 | Queue | Villager (Male) |
| 22:05 | Queue | Villager (Male) |
| 22:05 | Queue | Villager (Male) |
| 22:17 | Queue | Villager (Male) |
| 22:17 | Queue | Villager (Male) |
| 22:31 | Build | Mining Camp |
| 22:38 | Build | Market |
| 22:40 | Build | Stable |
| 22:41 | Queue | Villager (Male) |
| 22:58 | Build | Pasture |
| 23:06 | Build | Pasture |
| 23:19 | Build | Market |
| 23:21 | Queue | Villager (Male) |
| 23:27 | Build | House |
| 23:28 | Build | House |
| 23:30 | Queue | Villager (Male) |
| 24:19 | Build | House |
| 24:29 | Queue | Scout Cavalry |
| 24:29 | Queue | Scout Cavalry |
| 24:29 | Queue | Scout Cavalry |
| 24:37 | Queue | Villager (Male) |
| 24:38 | Queue | Villager (Male) |
Match timeline
| 4:29 | lapoejs · first_building Barracks |
| 4:32 | Storrmi · wall_segment Palisade Wall x1 |
| 5:38 | lapoejs · wall_segment Palisade Wall x5 |
| 5:39 | lapoejs · wall_segment Palisade Wall x1 |
| 6:03 | lapoejs · wall_segment Palisade Wall x15 |
| 6:08 | lapoejs · wall_segment Palisade Wall x6 |
| 6:27 | lapoejs · wall_segment Palisade Wall x1 |
| 7:21 | Storrmi · first_building Barracks |
| 7:30 | lapoejs · wall_segment Palisade Wall x4 |
| 8:12 | lapoejs · wall_segment Palisade Wall x8 |
| 8:15 | lapoejs · wall_segment Palisade Wall x1 |
| 8:20 | lapoejs · wall_segment Palisade Wall x7 |
| 8:25 | lapoejs · wall_segment Palisade Wall x1 |
| 8:48 | lapoejs · wall_segment Palisade Wall x4 |
| 9:17 | lapoejs · wall_segment Palisade Wall x1 |
| 9:21 | Storrmi · age_up feudal |
| 9:57 | Storrmi · first_building Archery Range |
| 12:50 | lapoejs · wall_segment Palisade Wall x1 |
| 13:26 | Storrmi · wall_segment Palisade Wall x1 |
| 13:30 | Storrmi · wall_segment Palisade Wall x1 |
| 13:32 | Storrmi · wall_segment Palisade Wall x1 |
| 13:35 | lapoejs · wall_segment Palisade Wall x1 |
| 13:52 | lapoejs · age_up feudal |
| 14:45 | lapoejs · first_market_sell 100 stone |
| 14:45 | lapoejs · first_market_buy 100 food |
| 15:32 | Storrmi · wall_segment Palisade Wall x6 |
| 16:13 | Storrmi · wall_segment Palisade Wall x8 |
| 17:27 | lapoejs · age_up castle |
| 17:29 | lapoejs · wall_segment Palisade Wall x1 |
| 17:34 | lapoejs · first_building Siege Workshop |
| 17:36 | lapoejs · first_building Monastery |
| 18:08 | Storrmi · wall_segment Palisade Wall x1 |
| 18:17 | lapoejs · wall_segment Palisade Wall x1 |
| 18:44 | Storrmi · wall_segment Palisade Wall x8 |
| 18:47 | Storrmi · wall_segment Palisade Wall x7 |
| 19:04 | Storrmi · wall_segment Palisade Wall x7 |
| 19:58 | Storrmi · wall_segment Palisade Wall x1 |
| 20:19 | Storrmi · age_up castle |
| 20:21 | Storrmi · first_building Siege Workshop |
| 20:57 | lapoejs · wall_segment Palisade Wall x1 |
| 21:10 | Storrmi · first_building Stable |
| 25:09 | Storrmi · resign |
[ AI ANALYSIS · 1 CREDIT ]
What really happened in this match?
Wolo.gg analyzes every decision: build order, eco, micro, common mistakes by bracket. Personalized analysis on WhatsApp or Discord in 30 seconds.
Civ guide
Vietnamese
Perfil
Jugador #4142107